[Event "November 21 Late 2023"]
[Site "https://www.chess.com"]
[Date "2023.11.21"]
[Round "7"]
[White "Rosen, Eric"]
[Black "Della Morte, German"]
[Result "0-1"]
[Board "61"]
[TimeControl "180+1"]
[WhiteFideId "2032562"]
[BlackFideId "113522"]
[WhiteElo "2346"]
[BlackElo "2306"]
[WhiteTeam "USA"]
[BlackTeam "ARG"]
[WhiteClock "0:00:05"]
[BlackClock "0:01:34"]

1. e4 c6 2. d4 d5 3. Nc3 dxe4 4. Nxe4 Nf6 5. Nxf6+ exf6 6. Be3 Bd6 7. Bd3 Be6 8. Ne2 Nd7 9. c4 Qa5+ 10. Nc3 Bf5 11. O-O Bxd3 12. Qxd3 Qh5 13. f4 O-O 14. Rf3 f5 15. Rh3 Qg6 16. Rg3 Qf6 17. c5 Be7 18. b4 Rfd8 19. d5 Nxc5 20. bxc5 Rxd5 21. Qc2 Rad8 22. Rc1 Rd3 23. Ne2 Qe6 24. Kf2 Bh4 25. Bd4 Bxg3+ 26. hxg3 R3xd4 27. Nxd4 Rxd4 28. Re1 Re4 29. Rd1 h6 30. Qb2 Qe7 31. Rc1 a6 32. Qc2 Qe6 33. Qb2 Qd7 34. Qc3 Rd4 35. Rc2 Qd5 36. Re2 Rd3 37. Qb2 Qxc5+ 38. Ke1 Qc3+ 39. Qxc3 Rxc3 40. Re8+ Kh7 41. Re7 b5 42. Rxf7 Kg6 43. Rc7 a5 44. Kd2 Rc4 45. a3 a4 46. Kd3 Kf6 47. Kd2 g5 48. Rh7 Kg6 49. Rc7 Kh5 50. Ke2 Kg4 51. Kf2 Rc2+ 52. Kf1 Kxg3 53. fxg5 hxg5 54. Rf7 f4 55. Rd7 g4 56. Rd3+ f3 57. gxf3 gxf3 58. Rd1 Rh2 59. Kg1 f2+ 60. Kf1 Rh1+ 61. Ke2 Rxd1 62. Ke3 f1=Q 63. Ke4 Qe2+ 64. Kf5 Rf1+ 65. Kg6 Qg4+ 0-1

[Event "November 21 Late 2023"]
[Site "https://www.chess.com"]
[Date "2023.11.21"]
[Round "7"]
[White "FuenfgegenWilly"]
[Black "Djokic, Mihailo"]
[Result "0-1"]
[Board "62"]
[TimeControl "180+1"]
[BlackFideId "976440"]
[WhiteElo "2482"]
[BlackElo "2265"]
[BlackTeam "SRB"]
[WhiteClock "0:00:30"]
[BlackClock "0:01:41"]

1. e4 c5 2. Nc3 Nc6 3. f4 g6 4. Nf3 Bg7 5. Bb5 Nd4 6. O-O a6 7. Bd3 Nc6 8. Nd5 e6 9. Ne3 d5 10. c3 Nge7 11. e5 b5 12. a4 Rb8 13. axb5 axb5 14. Bc2 d4 15. cxd4 cxd4 16. Ng4 Nd5 17. d3 h5 18. Nf2 O-O 19. Ne4 Ncb4 20. Bb3 Bb7 21. Nd6 Ba8 22. Nxd4 Qb6 23. Nxb5 Bc6 24. Bxd5 Nxd5 25. Nd6 Qxd4+ 26. Kh1 Ne3 27. Bxe3 Qxe3 28. Qc2 Bd5 29. Ra3 Qd4 30. Rc3 Ra8 31. Nb5 Qb4 32. Nc7 Ra2 33. Rb1 Qxf4 34. Nxd5 exd5 35. Qb3 Rfa8 36. Qxd5 Ra1 37. Rc8+ Kh7 38. g3 Rxb1+ 39. Kg2 Qd2+ 40. Kh3 Rxc8 41. Qxf7 Rc2 42. Kh4 Qxh2+ 43. Kg5 Qxg3# 0-1

[Event "November 21 Late 2023"]
[Site "https://www.chess.com"]
[Date "2023.11.21"]
[Round "7"]
[White "Zhurbinsky, David"]
[Black "Rangel, Daniel"]
[Result "1-0"]
[Board "63"]
[TimeControl "180+1"]
[WhiteFideId "2072904"]
[BlackFideId "2124475"]
[WhiteElo "2618"]
[BlackElo "2267"]
[WhiteTeam "USA"]
[BlackTeam "BRA"]
[WhiteClock "0:00:03"]
[BlackClock "0:00:00"]

1. e4 c5 2. Nf3 g6 3. c4 Bg7 4. d4 cxd4 5. Nxd4 Nc6 6. Be3 Nf6 7. Nc3 O-O 8. Be2 Nxd4 9. Bxd4 d6 10. O-O Bd7 11. Rc1 Bc6 12. f3 Nd7 13. Bxg7 Kxg7 14. Qd2 a5 15. b3 Qb6+ 16. Kh1 Nc5 17. Qe3 a4 18. Rb1 axb3 19. axb3 Qb4 20. Rb2 Ra3 21. Rfb1 Rfa8 22. e5 Ra1 23. exd6 exd6 24. Qd4+ Kg8 25. h3 Ne6 26. Qf6 Qc5 27. Nb5 Bxb5 28. cxb5 Qe3 29. Bc4 Rxb1+ 30. Rxb1 Ra2 31. b4 Rc2 32. Bd5 b6 33. Ra1 Rc1+ 34. Rxc1 Qxc1+ 35. Kh2 Qf4+ 36. Qxf4 Nxf4 37. Bc4 d5 38. Bf1 Kf8 39. Kg3 Ne6 40. Kf2 Ke7 41. Ke3 Kd6 42. g3 f5 43. f4 Nf8 44. Bg2 Nd7 45. Kd4 Nf6 46. Bf3 Ne4 47. g4 Ke6 48. gxf5+ gxf5 49. h4 Nd6 50. Bxd5+ Kf6 51. Bf3 Nxb5+ 52. Kd5 Na3 53. Kc6 b5 54. Kc5 Kg6 55. Bd1 Kf6 56. Be2 Nc2 57. Bd3 Ne3 58. Kxb5 Ng2 59. Kc5 Nxf4 60. Bf1 Ng6 61. b5 Ne5 62. Kd6 Nf7+ 63. Kc7 Ne5 64. b6 Ke7 65. b7 Nd7 66. Bb5 Nf6 67. b8=Q Ne8+ 68. Qxe8+ 1-0

[Event "November 21 Late 2023"]
[Site "https://www.chess.com"]
[Date "2023.11.21"]
[Round "7"]
[White "Zarnicki, Pablo"]
[Black "Kovalevsky, Stanislav"]
[Result "0-1"]
[Board "64"]
[TimeControl "180+1"]
[WhiteFideId "100137"]
[BlackFideId "13508598"]
[WhiteElo "2468"]
[BlackElo "2092"]
[WhiteTeam "ARG"]
[BlackTeam "FID"]
[WhiteClock "0:00:00"]
[BlackClock "0:00:03"]

1. e4 c6 2. d4 d5 3. Nc3 dxe4 4. Nxe4 Nf6 5. Nxf6+ exf6 6. Bc4 Be6 7. Bxe6 fxe6 8. Nf3 Bd6 9. O-O O-O 10. Re1 Re8 11. Qd3 Na6 12. Qb3 Qd7 13. c3 Nc7 14. a4 a5 15. Nd2 Nd5 16. Ne4 Bf8 17. Bd2 h6 18. Re2 Kh8 19. Rae1 e5 20. Ng3 Bd6 21. c4 Nf4 22. Bxf4 exf4 23. Ne4 Bb4 24. Rd1 Re7 25. Nc3 Rae8 26. Rxe7 Rxe7 27. d5 Qg4 28. f3 Qh4 29. Ne4 f5 30. d6 Bxd6 0-1

[Event "November 21 Late 2023"]
[Site "https://www.chess.com"]
[Date "2023.11.21"]
[Round "7"]
[White "Janaszak, Dawid"]
[Black "ATM622"]
[Result "1/2-1/2"]
[Board "65"]
[TimeControl "180+1"]
[WhiteFideId "1119206"]
[WhiteElo "2218"]
[BlackElo "2461"]
[WhiteTeam "POL"]
[WhiteClock "0:00:09"]
[BlackClock "0:00:05"]

1. c4 e5 2. Nc3 f5 3. g4 d6 4. gxf5 Bxf5 5. Bg2 c6 6. e3 Nf6 7. Nge2 Be7 8. Ng3 Bd3 9. Qb3 Qb6 10. Nd5 Qxb3 11. Nxf6+ Bxf6 12. axb3 Bc2 13. b4 O-O 14. b5 Bd3 15. bxc6 Nxc6 16. b3 Nb4 17. Ra4 a5 18. Bxb7 Rab8 19. Be4 Bh4 20. Rxb4 Rxb4 21. Bxd3 Rxb3 22. Bc2 Rb4 23. d3 Be7 24. Ba3 Rb7 25. Ne4 Rc8 26. Nc3 d5 27. Bxe7 dxc4 28. Kd2 cxd3 29. Rb1 Rxe7 30. Bxd3 Rd7 31. Na4 Rcd8 32. Nc5 Rd5 33. Rb5 e4 34. Rxa5 exd3 35. e4 Rd4 36. f3 Rc4 37. Nb3 Rc2+ 38. Kd1 Rxh2 39. Rd5 Rxd5 40. exd5 Kf7 41. Nc5 Kf6 42. Ne4+ Ke5 43. d6 Ke6 44. f4 Re2 45. f5+ Kd7 46. f6 gxf6 47. Nxf6+ Kxd6 48. Nxh7 Ke7 49. Ng5 Rg2 50. Ne4 Ke6 51. Nc5+ Kd5 52. Nxd3 Kd4 53. Ne1 Ra2 54. Nc2+ Kc3 55. Ne1 Rd2+ 56. Kc1 Rd5 57. Nf3 Rf5 58. Ne1 Rf2 59. Kd1 Rd2+ 60. Kc1 Re2 61. Kd1 Rf2 62. Kc1 Kd4 63. Kd1 Kc3 64. Kc1 Rf8 65. Kd1 Re8 66. Nf3 Re3 67. Ne1 Rg3 68. Ke2 Rg8 69. Nf3 Rf8 70. Ke3 Re8+ 71. Kf4 Kd3 72. Ne5+ Kd4 73. Nf3+ Kd5 74. Ng5 Rf8+ 75. Ke3 Ke5 76. Nf3+ Kd5 77. Ng5 Rf5 78. Nf3 Rf8 79. Ng5 1/2-1/2

[Event "November 21 Late 2023"]
[Site "https://www.chess.com"]
[Date "2023.11.21"]
[Round "7"]
[White "WindWhistler11"]
[Black "topce"]
[Result "1-0"]
[Board "66"]
[TimeControl "180+1"]
[WhiteElo "2559"]
[BlackElo "2455"]
[WhiteClock "0:00:14"]
[BlackClock "0:00:00"]

1. Nf3 c5 2. g3 Nc6 3. Bg2 g6 4. O-O Bg7 5. e4 d6 6. c3 Bg4 7. h3 Bxf3 8. Qxf3 Nf6 9. Qe2 O-O 10. f4 Qc7 11. Na3 a6 12. Nc2 b5 13. Kh2 Nd7 14. Ne3 e6 15. d3 Rab8 16. g4 f6 17. Kh1 b4 18. f5 e5 19. Nd5 Qd8 20. h4 Ne7 21. Ne3 bxc3 22. bxc3 gxf5 23. exf5 Nb6 24. c4 d5 25. Bd2 e4 26. Ba5 exd3 27. Qxd3 dxc4 28. Qc2 Qd4 29. Rfe1 Bh6 30. Rad1 Qf4 31. Bxb6 Rxb6 32. Nxc4 Rb4 33. Re4 Qg3 34. Rd3 Qc7 35. Nd6 1-0

[Event "November 21 Late 2023"]
[Site "https://www.chess.com"]
[Date "2023.11.21"]
[Round "7"]
[White "Weisz, Bryan"]
[Black "Tikhonov, Viacheslav"]
[Result "1-0"]
[Board "67"]
[TimeControl "180+1"]
[WhiteFideId "30934133"]
[BlackFideId "44196407"]
[WhiteElo "2451"]
[BlackElo "2191"]
[WhiteTeam "USA"]
[BlackTeam "RUS"]
[WhiteClock "0:00:06"]
[BlackClock "0:00:00"]

1. e4 c5 2. Nf3 g6 3. d4 cxd4 4. Nxd4 Nc6 5. Nc3 Bg7 6. Be3 Nf6 7. Nxc6 bxc6 8. e5 Ng8 9. f4 f6 10. Bd4 fxe5 11. fxe5 Qa5 12. e6 Nf6 13. exd7+ Bxd7 14. Bc4 e5 15. Be3 O-O-O 16. O-O Bf5 17. Qf3 Qc7 18. Na4 Be4 19. Qe2 Bd5 20. Ba6+ Kb8 21. Nc5 Ne4 22. Nxe4 Bxe4 23. Bg5 Rd7 24. Kh1 Bf5 25. a4 Ka8 26. Ra3 Rb8 27. Rc3 Qd6 28. Be3 Rxb2 29. Bc5 Qd2 30. Qc4 Rxc2 31. Qg8+ Rd8 32. Rxc2 Bxc2 33. Qxg7 Rb8 34. Qc7 1-0

[Event "November 21 Late 2023"]
[Site "https://www.chess.com"]
[Date "2023.11.21"]
[Round "7"]
[White "Jimenez Ruano, Adrian"]
[Black "Ozates, Tuna"]
[Result "0-1"]
[Board "68"]
[TimeControl "180+1"]
[WhiteFideId "22276050"]
[BlackFideId "6354521"]
[WhiteElo "2215"]
[BlackElo "2151"]
[WhiteTeam "ESP"]
[BlackTeam "TUR"]
[WhiteClock "0:00:03"]
[BlackClock "0:00:49"]

1. Nf3 g6 2. c4 Bg7 3. Nc3 c5 4. b3 Nc6 5. Bb2 e5 6. d3 Nge7 7. g3 O-O 8. Bg2 d6 9. O-O h6 10. Nd2 Be6 11. Nde4 Qd7 12. Nb5 Nc8 13. Nec3 a6 14. Na3 N8e7 15. Nc2 d5 16. cxd5 Nxd5 17. Nxd5 Bxd5 18. Bxd5 Qxd5 19. Ne3 Qe6 20. Rc1 b6 21. Qc2 Nd4 22. Bxd4 exd4 23. Ng2 Rfe8 24. Nf4 Qd6 25. Rfe1 g5 26. Ng2 Re6 27. Qc4 Rae8 28. Qxa6 Rxe2 29. Rxe2 Rxe2 30. Qc8+ Kh7 31. Qf5+ Qg6 32. Qf3 Rxa2 33. h4 Rd2 34. Rd1 g4 35. h5 Qe6 36. Rxd2 gxf3 37. Nf4 0-1

[Event "November 21 Late 2023"]
[Site "https://www.chess.com"]
[Date "2023.11.21"]
[Round "7"]
[White "Swicarz, Maciej"]
[Black "Shapiro, Viktor"]
[Result "0-1"]
[Board "69"]
[TimeControl "180+1"]
[WhiteFideId "1113585"]
[BlackFideId "4175700"]
[WhiteElo "2127"]
[BlackElo "2084"]
[WhiteTeam "POL"]
[BlackTeam "RUS"]
[WhiteClock "0:00:00"]
[BlackClock "0:00:57"]

1. e4 Nf6 2. e5 Nd5 3. d4 d6 4. Nf3 Bg4 5. Be2 e6 6. O-O Be7 7. h3 Bf5 8. c4 Nb6 9. Nc3 O-O 10. b3 Nc6 11. exd6 cxd6 12. Be3 Bf6 13. Rc1 d5 14. c5 Nc8 15. a3 N8e7 16. b4 Be4 17. b5 Bxf3 18. Bxf3 Na5 19. Be2 Nf5 20. Qd2 Nb3 21. Qd3 Nbxd4 22. Bd1 Nxe3 23. fxe3 Nf5 24. Nxd5 Bg5 25. Rxf5 exf5 26. Qxf5 g6 27. Qf3 Rc8 28. Bb3 Kg7 29. c6 bxc6 30. bxc6 Qd6 31. c7 Qxa3 32. Rc3 Qd6 33. e4 Bf6 34. Rd3 Be5 35. g4 a5 36. Ba4 Qc5+ 37. Kg2 Qc4 38. Bd7 Qc2+ 39. Kf1 Rxc7 40. Nxc7 Qxc7 41. Ba4 Qc4 42. Bb3 Qb5 43. Kg2 a4 44. Rd5 Qxb3 45. Qxb3 axb3 46. Rxe5 Rb8 0-1

[Event "November 21 Late 2023"]
[Site "https://www.chess.com"]
[Date "2023.11.21"]
[Round "7"]
[White "Sanchez Alvares, Kelvin Antonio"]
[Black "Martins, Vinicius Tine"]
[Result "1-0"]
[Board "70"]
[TimeControl "180+1"]
[WhiteFideId "3906680"]
[BlackFideId "2112884"]
[WhiteElo "2217"]
[BlackElo "2373"]
[WhiteTeam "VEN"]
[BlackTeam "BRA"]
[WhiteClock "0:01:58"]
[BlackClock "0:01:04"]

1. e4 d6 2. d4 Nf6 3. Nc3 g6 4. f4 Bg7 5. Nf3 c5 6. Bb5+ Bd7 7. e5 Ng4 8. e6 fxe6 9. Ng5 Bxb5 10. Qxg4 Bxd4 11. Nxe6 Bxc3+ 12. bxc3 Qd7 13. f5 Bc4 14. Qxc4 1-0

[Event "November 21 Late 2023"]
[Site "https://www.chess.com"]
[Date "2023.11.21"]
[Round "7"]
[White "Hajiyev, Kanan"]
[Black "Novikova, Galina"]
[Result "1-0"]
[Board "71"]
[TimeControl "180+1"]
[WhiteFideId "13404148"]
[BlackFideId "4157095"]
[WhiteElo "2102"]
[BlackElo "1972"]
[WhiteTeam "AZE"]
[BlackTeam "RUS"]
[WhiteClock "0:01:39"]
[BlackClock "0:00:00"]

1. d4 Nf6 2. Nf3 g6 3. c4 Bg7 4. g3 d6 5. Bg2 O-O 6. O-O c6 7. b3 Bf5 8. Bb2 Qc8 9. Re1 Bh3 10. e4 Bxg2 11. Kxg2 Nbd7 12. e5 Nh5 13. Qd2 dxe5 14. dxe5 Nc5 15. Qe3 b6 16. h3 Ne6 17. Nbd2 Qc7 18. Ne4 Rad8 19. Neg5 Nxg5 20. Nxg5 h6 21. Nf3 g5 22. Nxg5 hxg5 23. Qxg5 Nxg3 24. Qxg3 Rd2 25. Bc3 Rfd8 26. Re4 R8d3 27. Re3 Rxe3 28. Qxe3 Rd8 29. Rg1 Kf8 30. Kh1 Qd7 31. Qg3 Ke8 32. e6 Qxe6 33. Bxg7 1-0

[Event "November 21 Late 2023"]
[Site "https://www.chess.com"]
[Date "2023.11.21"]
[Round "7"]
[White "Miszler, Levente"]
[Black "Prithu Gupta"]
[Result "0-1"]
[Board "72"]
[TimeControl "180+1"]
[WhiteFideId "763276"]
[BlackFideId "46618546"]
[WhiteElo "2186"]
[BlackElo "2344"]
[WhiteTeam "HUN"]
[BlackTeam "IND"]
[WhiteClock "0:00:18"]
[BlackClock "0:00:41"]

1. Nf3 Nf6 2. c4 c5 3. g3 b6 4. Bg2 Bb7 5. O-O e6 6. d4 cxd4 7. Qxd4 Be7 8. Nc3 O-O 9. e4 d6 10. b3 a6 11. Bb2 Nbd7 12. Rfe1 Qc7 13. Rad1 Rac8 14. e5 Bxf3 15. exd6 Bxd6 16. Bxf3 Bc5 17. Qh4 Ne5 18. Bg2 Ng6 19. Qg5 h6 20. Qc1 Ng4 21. Rf1 Nh4 22. Ne4 Nxg2 23. Nxc5 Nh4 24. Ne4 Nf3+ 25. Kg2 Ngxh2 26. Rh1 Qc6 27. Qe3 f5 28. Rxh2 Nxh2 29. Kxh2 Qxe4 30. Qxb6 f4 31. Rg1 Rf5 32. g4 f3 33. Rg3 Rf7 34. Qd6 Rc6 35. Qd8+ Kh7 36. Kh3 Qb1 37. g5 Qh1+ 38. Kg4 h5# 0-1

[Event "November 21 Late 2023"]
[Site "https://www.chess.com"]
[Date "2023.11.21"]
[Round "7"]
[White "Batsiashvili, Nino"]
[Black "Petukhov, Dmitry"]
[Result "1-0"]
[Board "73"]
[TimeControl "180+1"]
[WhiteFideId "13602993"]
[BlackFideId "4142748"]
[WhiteElo "2233"]
[BlackElo "2269"]
[WhiteTeam "GEO"]
[BlackTeam "RUS"]
[WhiteClock "0:00:05"]
[BlackClock "0:00:07"]

1. e4 c5 2. Nf3 d6 3. c3 Nf6 4. Bd3 Nc6 5. O-O e5 6. h3 Be7 7. Bc2 g5 8. d4 cxd4 9. cxd4 g4 10. Nh4 gxh3 11. dxe5 hxg2 12. Nxg2 dxe5 13. Qxd8+ Bxd8 14. Nc3 Rg8 15. Kh1 Bh3 16. Rg1 Ng4 17. Nd1 Bb6 18. Nge3 O-O-O 19. Rg3 Nxe3 20. Nxe3 Rxg3 21. fxg3 Nd4 22. Bd1 Bd7 23. Nd5 Bc6 24. Ne7+ Kc7 25. Nxc6 Nxc6 26. Bg5 Rg8 27. Bh4 Bc5 28. Bh5 Be7 29. Bxf7 Rg7 30. Bd5 Bxh4 31. gxh4 Rg4 32. Rf1 Rxh4+ 33. Kg2 Rg4+ 34. Kh3 Rg7 35. Rf5 Kd6 36. Rf6+ Kc5 37. Bxc6 bxc6 38. Re6 Kd4 39. Rxc6 Kxe4 40. b4 Kd3 41. Rd6+ Ke3 42. b5 e4 43. a4 Ke2 44. a5 e3 45. b6 axb6 46. axb6 Ke1 47. Rc6 e2 48. Rc7 Rg6 49. b7 Rb6 50. Kg2 Kd2 51. Rd7+ Ke1 52. Rxh7 Rg6+ 53. Kf3 Rg8 54. Re7 Rf8+ 55. Kg2 Rd8 56. Rc7 Rb8 57. Rd7 Rg8+ 58. Kh2 Rf8 59. Kg2 Rg8+ 60. Kh2 Kf2 61. Rf7+ Ke3 62. Re7+ Kd3 63. Rd7+ Kc2 64. Re7 Kd1 65. Rd7+ Ke1 66. Rc7 Rd8 67. Rc8 Rd6 68. b8=Q 1-0

[Event "November 21 Late 2023"]
[Site "https://www.chess.com"]
[Date "2023.11.21"]
[Round "7"]
[White "ciutadella"]
[Black "Bogaudinov, Rushan"]
[Result "1-0"]
[Board "74"]
[TimeControl "180+1"]
[BlackFideId "4129288"]
[WhiteElo "2530"]
[BlackElo "1908"]
[BlackTeam "RUS"]
[WhiteClock "0:00:58"]
[BlackClock "0:00:00"]

1. Nf3 d5 2. d4 Nf6 3. c4 e6 4. g3 Be7 5. Bg2 O-O 6. O-O b6 7. cxd5 Nxd5 8. Nc3 Bb7 9. Qc2 Nd7 10. e4 Nb4 11. Qd1 Ba6 12. Re1 Nd3 13. Re3 Nxc1 14. Rxc1 c5 15. d5 exd5 16. exd5 Bf6 17. h4 Re8 18. Qd2 Rxe3 19. Qxe3 Qf8 20. Rd1 Re8 21. Qf4 Qe7 22. d6 Qd8 23. Nd5 Be2 24. Re1 Bxf3 25. Rxe8+ Qxe8 26. Qxf3 Bd4 27. Ne7+ Kf8 28. Bh3 Ne5 29. Qb7 g6 30. Qc7 h5 31. Bc8 Kg7 32. Kg2 Kf8 33. f4 Ng4 34. d7 Ne3+ 35. Kf3 Qxe7 36. d8=Q+ Qxd8 37. Qxd8+ Kg7 38. Qc7 Nd1 39. Be6 1-0

[Event "November 21 Late 2023"]
[Site "https://www.chess.com"]
[Date "2023.11.21"]
[Round "7"]
[White "Ferreira, Vitor Hugo Vieira"]
[Black "szachmistrz2500"]
[Result "0-1"]
[Board "75"]
[TimeControl "180+1"]
[WhiteFideId "2119765"]
[WhiteElo "2123"]
[BlackElo "2428"]
[WhiteTeam "BRA"]
[WhiteClock "0:00:08"]
[BlackClock "0:00:12"]

1. d4 d5 2. c4 c6 3. Nf3 Nf6 4. Nc3 dxc4 5. a4 Bf5 6. e3 e6 7. Bxc4 Bb4 8. O-O O-O 9. Qe2 Ne4 10. Bd3 Nxc3 11. bxc3 Bxc3 12. Rb1 Bxd3 13. Qxd3 Ba5 14. Rxb7 Bb6 15. a5 Bxa5 16. Rb3 Nd7 17. h4 h6 18. e4 Rb8 19. Ra3 Bb6 20. Bf4 Rc8 21. Rc1 Qe7 22. Rac3 c5 23. d5 e5 24. d6 Qe6 25. Be3 Rc6 26. Rd1 c4 27. Qd2 Ba5 28. Qd5 Qxd5 29. exd5 Rxd6 30. Rxc4 Bb6 31. Bc1 Rf6 32. Ba3 Re8 33. Rc6 Rf4 34. Rd2 e4 35. Nd4 e3 36. fxe3 Rxe3 37. Bb2 Ree4 38. g3 Bxd4+ 39. Kg2 Rg4 40. Rc8+ Kh7 41. Bc1 Be3 42. Rdc2 Bxc1 43. Rxc1 Rd4 44. R1c7 Rxd5 45. Rxa7 h5 46. Rd8 Rgd4 47. Raa8 Kg6 48. Ra6+ Nf6 49. Rb8 Rd2+ 50. Kf3 R5d3+ 51. Kf4 Rf2+ 52. Ke5 Re2+ 53. Kf4 Re4# 0-1

[Event "November 21 Late 2023"]
[Site "https://www.chess.com"]
[Date "2023.11.21"]
[Round "7"]
[White "Willy, Stephen"]
[Black "Baches Garcia, Guillermo"]
[Result "1-0"]
[Board "76"]
[TimeControl "180+1"]
[WhiteFideId "30981468"]
[BlackFideId "2209764"]
[WhiteElo "2139"]
[BlackElo "2528"]
[WhiteTeam "USA"]
[BlackTeam "ESP"]
[WhiteClock "0:00:04"]
[BlackClock "0:00:00"]

1. e4 d5 2. exd5 Qxd5 3. Nc3 Qa5 4. Nf3 Nf6 5. d4 Bf5 6. Ne5 c6 7. Bc4 e6 8. O-O Nbd7 9. Re1 Rd8 10. Qf3 Be7 11. Bf4 O-O 12. Bb3 Qb6 13. Rad1 Nxe5 14. dxe5 Nd5 15. Bg3 Nxc3 16. bxc3 Rxd1 17. Rxd1 Rd8 18. h3 h6 19. Bf4 a5 20. Be3 Rxd1+ 21. Qxd1 Bc5 22. Bxc5 Qxc5 23. Qd8+ Kh7 24. Qc7 Qxc3 25. Qxb7 Qe1+ 26. Kh2 Qxe5+ 27. g3 Qe2 28. Qa7 Qf1 29. Qe3 Bxh3 30. Qe4+ Bf5 31. Qe3 Bh3 32. Qe4+ f5 33. Qf3 Bg4 34. Qe3 Qd1 35. Qxe6 Qf3 36. Qg8+ Kg6 37. Qe8+ Kf6 38. Qf7+ Ke5 39. Qxg7+ Kd6 40. Qd4+ Kc7 41. Qa7+ Kd6 42. Qd4+ Kc7 43. Qe5+ Kb6 44. Qb8+ Kc5 45. Kg1 1-0

[Event "November 21 Late 2023"]
[Site "https://www.chess.com"]
[Date "2023.11.21"]
[Round "7"]
[White "Nita, Lucian"]
[Black "Khater, Sherif"]
[Result "0-1"]
[Board "77"]
[TimeControl "180+1"]
[WhiteFideId "1206923"]
[BlackFideId "2034280"]
[WhiteElo "2066"]
[BlackElo "2515"]
[WhiteTeam "ROU"]
[BlackTeam "USA"]
[WhiteClock "0:00:19"]
[BlackClock "0:00:26"]

1. e4 a6 2. d3 c6 3. Nd2 d5 4. Ngf3 g6 5. g3 Bg7 6. Bg2 e5 7. O-O Ne7 8. Re1 d4 9. Nc4 f6 10. a4 O-O 11. a5 Be6 12. Nb6 Ra7 13. b3 Nd7 14. Nc4 c5 15. Ba3 Nc6 16. Qd2 Qe7 17. h4 Raa8 18. Kh2 Nb4 19. Bxb4 cxb4 20. Bh3 Bxh3 21. Kxh3 Rac8 22. Ra4 f5 23. exf5 Rxf5 24. Nxd4 Rf7 25. Nf3 Rxf3 26. Qxb4 Qe6+ 27. Kg2 Rcf8 28. Re2 Qc6 29. Kg1 Nc5 30. Ra1 e4 31. Rd1 Bd4 32. Ne3 Bxe3 33. Qc4+ Kg7 34. Rxe3 Rxf2 35. d4 Nd7 36. Qxc6 bxc6 37. Rxe4 R2f6 38. Re7+ R8f7 39. Rde1 Rxe7 40. Rxe7+ Rf7 41. Re6 Nb8 42. Kg2 Rc7 43. Kf3 Kf7 44. Re4 Nd7 45. Ke3 Nf6 46. Rf4 Ke6 47. c4 Rb7 48. g4 Rxb3+ 49. Kd2 Ra3 50. g5 Nh5 51. Re4+ Kd7 52. Re5 Rh3 53. Re4 Ng3 54. Rf4 Nf5 55. d5 cxd5 56. cxd5 Kd6 57. Rb4 Kxd5 58. Rb6 Rxh4 59. Rxa6 Ra4 60. Ra7 Ke5 61. Kc3 Kf4 62. Kb3 Ra1 63. Kb2 Re1 64. Rxh7 Kxg5 65. a6 Re8 66. a7 Ra8 67. Rb7 Kf6 68. Kc3 g5 69. Kd3 g4 70. Ke4 Nd6+ 71. Kf4 Nxb7 72. Kxg4 0-1

[Event "November 21 Late 2023"]
[Site "https://www.chess.com"]
[Date "2023.11.21"]
[Round "7"]
[White "Garrido, Denis"]
[Black "Cristi_Coca"]
[Result "1-0"]
[Board "78"]
[TimeControl "180+1"]
[WhiteFideId "601217"]
[WhiteElo "2380"]
[BlackElo "2509"]
[WhiteTeam "FRA"]
[WhiteClock "0:00:56"]
[BlackClock "0:00:33"]

1. e4 c5 2. Nf3 e6 3. d4 cxd4 4. Bg5 Qa5+ 5. c3 Nc6 6. Bd2 dxc3 7. Nxc3 Qb6 8. Bc4 a6 9. O-O Be7 10. e5 Qc7 11. Bf4 b5 12. Bb3 Bb7 13. Rc1 Rc8 14. Ne4 Qb8 15. Re1 Bb4 16. Nd6+ Bxd6 17. exd6 Nf6 18. Bg5 Na5 19. Bxf6 gxf6 20. Qd2 Rxc1 21. Rxc1 Nxb3 22. axb3 Bxf3 23. gxf3 O-O 24. Qf4 Rc8 25. Rd1 Rc6 26. Kh1 Kf8 27. Qxf6 Rxd6 28. Qh8+ Ke7 29. Qxb8 Rxd1+ 30. Kg2 Rd6 31. Qb7 e5 32. Qe4 Rg6+ 33. Kf1 Ke6 34. f4 d5 35. Qxe5+ Kd7 1-0

[Event "November 21 Late 2023"]
[Site "https://www.chess.com"]
[Date "2023.11.21"]
[Round "7"]
[White "Horak, Martin"]
[Black "gpsji27"]
[Result "1-0"]
[Board "79"]
[TimeControl "180+1"]
[WhiteFideId "367095"]
[WhiteElo "2091"]
[BlackElo "2337"]
[WhiteTeam "CZE"]
[WhiteClock "0:01:44"]
[BlackClock "0:01:08"]

1. e4 e5 2. Nc3 Nc6 3. Bc4 Bc5 4. Qg4 Qf6 5. Nd5 Qxf2+ 6. Kd1 g6 7. Nh3 Qd4 8. d3 d6 9. Qg3 Bxh3 10. Qxh3 Bb6 11. Rf1 Na5 12. c3 Qc5 13. b4 Qc6 14. bxa5 Bxa5 15. Rb1 Bb6 16. Bb5 1-0

[Event "November 21 Late 2023"]
[Site "https://www.chess.com"]
[Date "2023.11.21"]
[Round "7"]
[White "Todorovic, Bojan"]
[Black "Kuegel, Tobias"]
[Result "0-1"]
[Board "80"]
[TimeControl "180+1"]
[WhiteFideId "917087"]
[BlackFideId "4636295"]
[WhiteElo "2266"]
[BlackElo "2213"]
[WhiteTeam "SRB"]
[BlackTeam "GER"]
[WhiteClock "0:00:00"]
[BlackClock "0:00:31"]

1. Nf3 d5 2. g3 Nf6 3. Bg2 e6 4. O-O Be7 5. c4 O-O 6. b3 b6 7. Bb2 c5 8. e3 Ba6 9. d3 Nc6 10. Qe2 Qd7 11. Nc3 Rfd8 12. Rfd1 Rac8 13. Rac1 Qe8 14. a3 h6 15. h3 Na5 16. Qc2 Nc6 17. Qb1 Bb7 18. Ne2 Ba8 19. Nf4 Na5 20. Bc3 Nc6 21. cxd5 Nxd5 22. Nxd5 Rxd5 23. d4 cxd4 24. Nxd4 Rc5 25. Bb2 Nxd4 26. Bxd4 Rxc1 27. Rxc1 Bxg2 28. Kxg2 Bxa3 29. Rxc8 Qxc8 30. Qe4 Bf8 31. g4 Qd7 32. Kf3 Qb5 33. h4 Qxb3 34. Qa8 Qd5+ 0-1

[Event "November 21 Late 2023"]
[Site "https://www.chess.com"]
[Date "2023.11.21"]
[Round "7"]
[White "OKEKE, Isaac Chukwudalu"]
[Black "Kochiev, Ivan"]
[Result "1-0"]
[Board "81"]
[TimeControl "180+1"]
[WhiteFideId "8508526"]
[BlackFideId "2917890"]
[WhiteElo "2161"]
[BlackElo "2285"]
[WhiteTeam "NGR"]
[BlackTeam "BUL"]
[WhiteClock "0:00:04"]
[BlackClock "0:00:02"]

1. e4 c5 2. Nf3 d6 3. d4 cxd4 4. Nxd4 Nf6 5. Nc3 Nc6 6. Bg5 e6 7. f3 a6 8. Qd2 Be7 9. O-O-O h6 10. Bxf6 gxf6 11. Nxc6 bxc6 12. Kb1 Rb8 13. b3 d5 14. exd5 cxd5 15. Qf4 Bd6 16. Qe3 Kf8 17. Be2 Qa5 18. f4 Qb4 19. Rd4 Qb6 20. Na4 Qc7 21. Bh5 Bd7 22. Rhd1 Bb4 23. c3 Bd6 24. g3 Qa5 25. Ka1 Kg7 26. Qf3 Rhc8 27. Qg4+ Kf8 28. Rxd5 exd5 29. Qxd7 Be7 30. Qf5 Ke8 31. Qh7 Rxc3 32. Qxf7+ Kd8 33. Rxd5+ 1-0

[Event "November 21 Late 2023"]
[Site "https://www.chess.com"]
[Date "2023.11.21"]
[Round "7"]
[White "Kovacsy, Barnabas"]
[Black "Rodriguez Dominguez, Melissa"]
[Result "0-1"]
[Board "82"]
[TimeControl "180+1"]
[WhiteFideId "769290"]
[BlackFideId "3517560"]
[WhiteElo "2130"]
[BlackElo "2012"]
[WhiteTeam "HUN"]
[BlackTeam "CUB"]
[WhiteClock "0:00:05"]
[BlackClock "0:00:24"]

1. e4 c5 2. Nf3 e6 3. d4 cxd4 4. Nxd4 Nc6 5. Nc3 Qc7 6. Be3 a6 7. Be2 Nf6 8. O-O Bb4 9. Na4 O-O 10. Nxc6 bxc6 11. Nb6 Rb8 12. Nxc8 Rfxc8 13. Bxa6 Re8 14. Bd3 Bd6 15. g3 Be5 16. f4 Bxb2 17. Rb1 e5 18. Qf3 d5 19. fxe5 dxe4 20. Qf2 exd3 21. exf6 dxc2 22. Qxc2 Bxf6 23. Bf4 Qa7+ 24. Kg2 Rxb1 25. Rxb1 Qa6 26. Rb8 Rxb8 27. Bxb8 g6 28. Bf4 Kg7 29. g4 Qb5 30. Bg3 Qd5+ 31. Kg1 c5 32. Bf2 c4 33. h3 c3 34. a4 Qd2 35. Qe4 c2 36. g5 c1=Q+ 37. Kh2 Qxf2+ 38. Qg2 Qcf4+ 39. Kh1 Qxg2+ 40. Kxg2 Qxg5+ 41. Kf3 Qa5 42. Kg4 Qxa4+ 43. Kg3 Qb3+ 44. Kg4 Be7 45. h4 h5+ 46. Kf4 Bd6+ 47. Ke4 f5+ 48. Kd4 Qb4+ 49. Kd5 f4 50. Ke6 f3 51. Kd7 f2 52. Kc8 f1=Q 53. Kd7 Qf7+ 54. Kd8 Qb8# 0-1